 Dungeon Crawl Stone Soup version 0.24.0-13-gcf9b3192b9 (webtiles) character file.

Game seed: 2565896388209646592, levelgen mode: classic

156 EnegeticOcto the Shield-Bearer (level 5, -5/33 HPs)
             Began as a Gargoyle Fighter on Nov 8, 2019.
             Slain by a gnoll
             ... wielding a +0 vampiric halberd
              (11 damage)
             ... on level 3 of the Dungeon.
             The game lasted 00:02:17 (2468 turns).

EnegeticOcto the Shield-Bearer (Gargoyle Fighter)   Turns: 2468, Time: 00:02:18

Health: -5/33      AC: 14    Str: 21    XL:     5   Next: 37%
Magic:  5/5        EV:  6    Int:  8    God:
Gold:   155        SH:  9    Dex:  9    Spells: 4/4 levels left

rFire    . . .     SeeInvis .   a - +0 war axe
rCold    . . .     Gourm    .   c - +0 shield
rNeg     + . .     Faith    .   m - +0 chain mail
rPois    ∞         Spirit   .   b - +0 helmet
rElec    +         Reflect  .   (no cloak)
rCorr    .         Harm     .   (no gloves)
MR       .....                  (no boots)
Stlth    ..........             (no amulet)
HPRegen  0.11/turn              s - ring of attention
MPRegen  0.09/turn              (no ring)

@: no status effects
A: negative energy resistance 1, electricity resistance, unbreathing,
petrification resistance, rot immunity, AC +4
a: no special abilities


You were on level 3 of the Dungeon.
You were not hungry.

You visited 1 branch of the dungeon, and saw 3 of its levels.

You collected 155 gold pieces.

Inventory:

Hand Weapons
 a - a +0 war axe (weapon)
Missiles
 n - 2 throwing nets (quivered) {!f}
Armour
 b - a +0 helmet (worn)
 c - a +0 shield (worn)
 m - a +0 chain mail (worn)
Jewellery
 s - a ring of attention (left hand)
Scrolls
 j - a scroll of fog {!r}
 k - 2 scrolls of magic mapping {@r5 !r}
 l - a scroll of teleportation {@r3 !r}
 o - a scroll of remove curse {@r2}
Potions
 d - a potion of might {@q3 !q}
 h - a potion of mutation
 p - a potion of berserk rage
 t - a potion of invisibility
 u - a potion of agility {@q5 !q}
Comestibles
 e - 4 rations
 f - 3 chunks of flesh


   Skills:
 + Level 3.9 Fighting
 * Level 3.2 Axes
 + Level 3.8 Armour
 + Level 1.5 Dodging
 + Level 4.0 Shields


You had 4 spell levels left.
You didn't know any spells.
Your spell library was empty.

Dungeon Overview and Level Annotations

Branches:
Dungeon (3/15)

Altars:

Annotations:
D:3 1 transporter, Aviak's ghost, amateur GrAs


Innate Abilities, Weirdness & Mutations

You are resistant to torment.
Your stone body is resilient. (AC +4)
You are immune to poison.
You resist negative energy. (rN+)
You are resistant to electric shocks. (rElec)
You can survive without breathing.
You are immune to petrification.
You are immune to rotting.


Message History

Drop what? 19/52 slots (_ for help) (? for menu, Esc to quit)
You drop 4 potions of degeneration.
As you read the scroll labeled EWIT ATASU, it crumbles to dust.
You feel as if something is helping you.
It was a scroll of remove curse.
As you read the scroll labeled KICIPO POLO, it crumbles to dust.
You assume a fearsome visage.
Nothing appears to happen.
It was a scroll of fear.
The gnoll shouts!
As you read the scroll labeled AMUBEI HIKKEO, it crumbles to dust.
You feel aware of your surroundings.
It was a scroll of magic mapping.
As you read the scroll labeled GAB JUOV DAO, it crumbles to dust.
The scroll dissolves into smoke.
It was a scroll of fog.
Really read
l - a scroll of teleportation {@r3 !r}? [Y]es or [N]o only, please.
Really read
l - a scroll of teleportation {@r3 !r}?
Okay, then.
Blink to where?
Press: ? - help, Dir - move target cursor You are very lightly contaminated with residual magic.
As you read the scroll labeled IMU FO IMUMA, it crumbles to dust.
It was a scroll of blinking.
Your magical contamination has completely faded away.
An orc comes into view.
The orc shouts!
An orc is nearby!
An orc is nearby!
An orc is nearby!
The orc hits you but does no damage.
You closely miss the orc. The orc hits you but does no damage.
You block the orc's attack.
You slash the orc!
You kill the orc!
No target in view!
No target in view!
No target in view!
You butcher the orc corpse.
f - 4 chunks of flesh You see here an orc skeleton. x2
Eating one of 4 chunks of flesh.
You eat one of the 4 chunks of flesh.
This raw flesh tastes terrible.
Found a chain mail.
You see here a chain mail.
k - 2 scrolls of magic mapping {@r5 !r} (gained 1)
Found an escape hatch in the ceiling.
You now have 155 gold pieces (gained 19).
There is a stone staircase leading up here.
The gnoll shouts!
You hear a shout!
Partly explored, unvisited transporter.
Partly explored, unvisited transporter.
Partly explored, unvisited transporter.
The gnoll shouts!
You hear a shout!
The gnoll shaman shouts!
You hear a shout!
The gnoll sergeant shouts!
You hear a shout!
The gnoll shouts!
The gnoll shouts!
There is a transporter here.
You enter the transporter and appear at another place.
The gnoll hits you but does no damage.
Press: ? - help, v - describe, . - travel
Here: a gnoll sergeant, wielding the +11 spear "Jifiruy" {vamp, rF+ Int-3 Dex+4}, wearing a +2 scale mail and wearing the +2 shield of Mumblety Peg {rN+ Str+2 Int+4} The floor.
You slash the gnoll!
The gnoll is severely wounded.
You hit the plant. You hit the gnoll but do no damage.
You hit the plant but do no damage. The gnoll closely misses you.
The gnoll hits you but does no damage.
The gnoll hits you with a +0 vampiric halberd.
The gnoll hits you but does no damage. You block the gnoll's attack. x2
The gnoll hits you but does no damage.
Your shield and chain mail prevent you from hitting the gnoll.
The gnoll is severely wounded.
You hit the plant but do no damage. You hit the gnoll but do no damage.
Your shield and chain mail prevent you from hitting the gnoll.
The gnoll sergeant hits you from afar with the +11 spear "Jifiruy" {vamp, rF+ Int-3 Dex+4}!
You block the gnoll's attack. The gnoll barely misses you. x2
The gnoll sergeant hits you but does no damage.
You slash the gnoll!
You kill the gnoll!
Your Shields skill increases to level 4!
You closely miss the gnoll. You hit the gnoll.
You hit the plant but do no damage. The gnoll hits you but does no damage.
The gnoll barely misses you.
The gnoll sergeant hits you from afar with the +11 spear "Jifiruy" {vamp, rF+ Int-3 Dex+4}!
You are too injured to fight recklessly!
You are too injured to fight recklessly!
You are too injured to fight recklessly!
You are too injured to fight recklessly!
You are too injured to fight recklessly!
You are too injured to fight recklessly!
You block the gnoll's attack.
There is a transporter landing site here.
You closely miss the gnoll. You hit the plant but do no damage.
You slash the plant! You block the gnoll's attack. x2
You closely miss the gnoll. You hit the plant but do no damage.
You hit the plant.
The gnoll sergeant hits you from afar with the +11 spear "Jifiruy" {vamp, rF+ Int-3 Dex+4}.
* * * LOW HITPOINT WARNING * * *
The gnoll hits you with a +0 vampiric halberd!
You die...

#..≈≈##.###.###.##≈≈.......#
#..≈≈#...........#≈≈..####.#
#..≈≈###.##'##.###≈≈..>.....
#..≈≈..#.#P..#.#..≈≈.<......
#..≈≈.##.#⌠.⌠#.##.≈≈..###..#
#..≈≈.#..#P.P#.©#.≈≈..##...#
#..≈≈.##.##.##.##.≈≈..##..##
#..≈≈..#.#P)P#.#......##..##
#..≈≈.©#.'.@.gg#©...[.......
#..≈≈..#.#8g8#g#.....###.#.#
#..§≈.##.#####g##.≈≈.# #.#.#
#§§≈§.#g.#,,,#gg#.≈≈.# #.#.#
#§§§§§##.#,,,#g##.≈≈.###.#.#
#§§§§..#g#,,.#.#..≈≈..##.#.#
#§§§§###g#*'##.###≈≈.....#.#
#.§≈≈#gW...,,..gg#≈≈..####.#
#..≈≈##g###.###.##≈≈..# #..


You could see a gnoll sergeant, a gnoll shaman and 2 gnolls.

Vanquished Creatures
  A bullfrog (D:3)
  3 adders
  A gnoll (D:3)
  An ooze (D:2)
  4 dart slugs (D:1)
  A leopard gecko (D:1)
  An orc (D:3)
  3 giant cockroaches
  2 goblins
  7 hobgoblins
  6 kobolds
  A ball python (D:1)
  4 bats
  5 frilled lizards
  A quokka zombie (D:3)
  7 rats
48 creatures vanquished.

Vanquished Creatures (others)
  A plant (D:3)
1 creature vanquished.

Grand Total: 49 creatures vanquished

Notes
Turn   | Place    | Note
-------+----------+-------------------------------------------
     0 | D:1      | EnegeticOcto the Gargoyle Fighter began the quest for the
                  | Orb.
     0 | D:1      | Reached XP level 1. HP: 14/14 MP: 1/1
   121 | D:1      | Reached XP level 2. HP: 19/19 MP: 2/2
   426 | D:1      | Reached XP level 3. HP: 21/23 MP: 3/3
  1014 | D:2      | Reached skill level 1 in Dodging
  1523 | D:2      | Found a faded altar of an unknown god.
  1534 | D:2      | Reached XP level 4. HP: 28/28 MP: 4/4
  2028 | D:3      | Found a transporter.
  2029 | D:3      | Found a transporter.
  2035 | D:3      | Identified the +11 spear "Jifiruy" {vamp, rF+ Int-3 Dex+4}
  2035 | D:3      | Identified the +2 shield of Mumblety Peg {rN+ Str+2 Int+4}
  2035 | D:3      | Noticed a gnoll sergeant
  2038 | D:3      | Noticed a bullfrog
  2050 | D:3      | Killed a bullfrog
  2050 | D:3      | Reached XP level 5. HP: 28/33 MP: 5/5
  2219 | D:3      | Noticed Aviak's ghost (amateur GrAs)
  2465 | D:3      | Reached skill level 4 in Shields
  2468 | D:3      | Slain by a gnoll

Levels and vault maps discovered:
D:1:      lordsloth_arrival_two_stooges, layout_loops_ring
D:2:      layout_loops_corners, chequers_ecumenical_altar_simple,
          kennysheep_donut
D:3:      layout_loops_ring, gammafunk_ghost_gnarly_gnolls

Skill      XL: |  1  2  3  4  5 |
---------------+----------------+-----
Axes           | 2 3 |  3.2
Dodging        | 1 |  1.5
Shields        | 4 |  4.0
Fighting       | |  3.9
Armour         | |  3.8

Action                   |  1- 3 |  4- 6 || total
-------------------------+-------+-------++-------
Melee: War axe           |   110 |    77 ||   187
  Use: Scroll            |     1 |    10 ||    11
  Eat: Chunk             |     2 |     3 ||     5
Armor: Scale mail        |    27 |       ||    27
       Chain mail        |    46 |    64 ||   110
Dodge: Dodged            |    32 |    27 ||    59
Block: Shield            |    65 |    45 ||   110
